 Dungeon Crawl Stone Soup version 0.31-a0-1101-g9ad1905e61 (webtiles) character file.

Game seed: 15953110651152869542

602 Dirtsage the Changeling (level 7, -1/46 HPs)
             Began as an Octopode Shapeshifter on Dec 1, 2023.
             Slain by an ice beast (10 damage)
             ... on level 4 of the Dungeon.
             The game lasted 00:06:45 (3498 turns).

Dirtsage the Changeling (Octopode Shapeshifter)     Turns: 3498, Time: 00:06:45

Health: -1/46      AC:  1    Str: 13    XL:     7   Next: 41%
Magic:  7/7        EV: 13    Int: 13    God:
Gold:   118        SH:  0    Dex: 13    Spells: 3/6 levels left

rFire   . .          .
                       - Unarmed
rCold   . . .        (no shield)
rNeg    . . .        (helmet currently unavailable)
rPois   .            (no amulet)
rElec   .            (no ring)
rCorr   .            (no ring)
SInv    .            (no ring)
Will    .....        (no ring)
Stlth   ++           (no ring)
HPRegen 0.27/turn    (no ring)
MPRegen 0.10/turn    (no ring)
                     (no ring)

%: no passive effects
@: beast-form
A: beast (slay +3), almost no armour, amphibious, 8 rings, camouflage 1,
gelatinous body 1, (nimble swimmer 1), tentacles
a: Begin Untransformation


You were on level 4 of the Dungeon.
You were a hulking beast.
You visited 2 branches of the dungeon, and saw 5 of its levels.

You collected 118 gold pieces.

Inventory:

Jewellery
 d - an amulet of faith
Talismans
 b - a beast talisman
 c - a flux talisman
 q - a beast talisman
Wands
 h - a wand of iceblast (11)
 o - a wand of light (10)
Scrolls
 e - a scroll of teleportation {unknown}
 g - 3 scrolls of blinking {unknown}
 j - 6 scrolls of identify {unknown}
 m - a scroll of enchant armour {unknown}
 n - a scroll of immolation {unknown}
Potions
 a - 2 potions of lignification
 f - 4 potions of curing {unknown}
 i - a potion of degeneration {unknown}
 k - a potion of magic {unknown}
 l - 2 potions of attraction {unknown}
 p - a potion of heal wounds {unknown}
 r - a potion of mutation {unknown}


   Skills:
 + Level 3.5 Fighting
 - Level 2.0 Dodging
 + Level 4.6 Unarmed Combat
 + Level 2.4 Ice Magic
 * Level 5.5 Shapeshifting


You had 3 spell levels left.
You knew the following spells:

 Your Spells              Type           Power      Damage    Failure   Level
A - Ozocubu's Armour      Ice            6%         N/A       34%         3

Your spell library contained the following spells:

 Spells                   Type           Power      Damage    Failure   Level
 Apportation              Tloc           0%         N/A       30%         1
 Necrotise                Necr           0%         1d4       30%         1
 Summon Small Mammal      Summ           0%         N/A       30%         1
 Ozocubu's Refrigeration  Ice            3%         4d8       100%        7


Dungeon Overview and Level Annotations

Branches:
Dungeon (4/15)             Temple (1/1) D:4

Altars:
Ashenzari
Cheibriados
Dithmenos
Fedhas
Hepliaklqana
Kikubaaqudgha
Makhleb
Nemelex Xobeh
Okawaru
Qazlal
Ru
Sif Muna
Trog
Vehumet
Wu Jian
Xom
Yredelemnul
The Shining One


Innate Abilities, Weirdness & Mutations

You are a hulking beast.
Your limbs bulge with bestial killing power. (Slay +3)
You cannot wear most types of armour.
You are amphibious.
You can wear up to eight rings at the same time.
Your skin changes colour to match your surroundings (Stealth+).
Your rubbery body absorbs attacks. (AC +1, EV +1)
((You are camouflaged when in or above water. (Stealth+)))
You have tentacles for arms and can constrict up to eight enemies at once.


Message History

There is an open door here.
As you open the door, it creaks loudly!
Found a staircase to the Ecumenical Temple.
There is an open door here.
There is a staircase to the Ecumenical Temple here.
You climb downwards.
Welcome to the Ecumenical Temple!
Found a staircase back to the Dungeon.
There is a staircase back to the Dungeon here.
There is a staircase back to the Dungeon here.
Search for what [? for help]? goz Can't find anything matching that.
You climb upwards.
Welcome back to the Dungeon!
There is a staircase to the Ecumenical Temple here.
You open the door.
There is an open door here.
An ice beast comes into view.
An ice beast is nearby!
You closely miss the ice beast. The ice beast misses you.
You barely miss the ice beast.
You squeeze the ice beast, but do no damage.
The ice beast hits you. The ice beast freezes you!
You take 13 damage, and have 33/46 hp.
MASSIVE DAMAGE!!
You closely miss the ice beast. The ice beast closely misses you.
You tentacle-slap the ice beast.
Your tentacle-slap misses the ice beast.
Your squeeze misses the ice beast.
The ice beast is lightly wounded.
The ice beast hits you. The ice beast freezes you!
You take 9 damage, and have 24/46 hp.
You barely miss the ice beast.
The ice beast is lightly wounded.
The ice beast hits you. The ice beast freezes you!
* * * LOW HITPOINT WARNING * * *
You take 12 damage, and have 12/46 hp.
MASSIVE DAMAGE!!
You tentacle-slap the ice beast. Your squeeze misses the ice beast.
The ice beast is lightly wounded.
The ice beast hits you.
* * * LOW HITPOINT WARNING * * *
The ice beast freezes you!
You die...

..'.....#.....###'###
.##.....#.....##⌠.⌠##
.#......#.....##.>.##
#########.<...##⌠.⌠##
###'### ###.### # #.#
#..###.###...
#...Yh........
#..###.....### #
##+####


You could see an ice beast.

Vanquished Creatures
  Sigmund (D:4)
  An ogre (D:4)
  2 scorpions (D:4)
  A hound (D:4)
  Robin (D:4)
  8 gnolls (D:2)
  4 adders
  2 dart slugs
  3 orcs
  7 ball pythons
  6 endoplasms
  4 giant cockroaches
  14 goblins
  10 hobgoblins
  2 kobolds (D:1)
  4 quokkas
  5 bats
  3 frilled lizards
  2 rats
80 creatures vanquished.

Notes
Turn   | Place    | Note
-------+----------+-------------------------------------------
     0 | D:1      | Dirtsage the Octopode Shapeshifter began the quest for the
                  | Orb.
     0 | D:1      | Reached XP level 1. HP: 13/13 MP: 1/1
   194 | D:1      | Reached XP level 2. HP: 15/18 MP: 2/2
   496 | D:1      | Reached XP level 3. HP: 23/23 MP: 3/3
  1121 | D:2      | Reached XP level 4. HP: 23/29 MP: 4/4
  1337 | D:2      | Reached skill level 4 in Shapeshifting
  1727 | D:2      | Reached XP level 5. HP: 17/34 MP: 5/5
  2159 | D:3      | Learned a level 3 spell: Ozocubu's Armour
  2468 | D:3      | Found a radiant altar of Vehumet.
  2473 | D:3      | Found a shimmering blue altar of Sif Muna.
  2475 | D:3      | Found a bloodstained altar of Trog.
  2475 | D:3      | Found a shimmering altar of Xom.
  2475 | D:3      | Found a snail-covered altar of Cheibriados.
  2475 | D:3      | Found a sparkling altar of Nemelex Xobeh.
  2476 | D:3      | Found a blossoming altar of Fedhas.
  2479 | D:3      | Found a burning altar of Makhleb.
  2480 | D:3      | Found a hazy altar of Hepliaklqana.
  2573 | D:3      | Found a faded altar of an unknown god.
  2689 | D:4      | Noticed an ogre
  2693 | D:4      | Killed an ogre
  2694 | D:4      | Reached skill level 1 in Ice Magic
  2694 | D:4      | Reached XP level 6. HP: 41/41 MP: 6/6
  2784 | D:4      | Reached skill level 5 in Shapeshifting
  2828 | D:4      | Noticed Robin
  2835 | D:4      | Killed Robin
  3272 | D:4      | Noticed Sigmund
  3282 | D:4      | Reached XP level 7. HP: 40/46 MP: 7/7
  3293 | D:4      | Killed Sigmund
  3476 | D:4      | Found a staircase to the Ecumenical Temple.
  3481 | Temple   | Entered the Ecumenical Temple
  3498 | D:4      | Slain by an ice beast

Illustrated notes

Levels and vault maps discovered:
D:1:      saegor_arrival_simple_a, layout_loops_corners,
          minmay_misc_feat_more_columns, dreamdust_princess_bridge
D:2:      wad_woods_pond, layout_basic, ebering_dispersal_statue_hall
D:3:      layout_rooms, minitemple,
          dreamdust_ecumenical_altar_hidden_monk_grotto, minmay_pentomino_pile
D:4:      nicolae_cairo_tiling_very_big, layout_gridville, temple_doors_ab,
          corexii_leaking_fountain, grunt_ministairs_3, uniq_sigmund, uniq_robin
Temple:   nicolae_temple_figure_zero

Skill      XL: |  1  2  3  4  5  6 |
---------------+-------------------+-----
Fighting       | 2 3 |  3.5
Shapeshifting  | 4 5 |  5.5
Unarmed Combat | 4 |  4.6
Ice Magic      | 1 2 |  2.4
Dodging        | |  2.0

Action                     |  1- 3 |  4- 6 |  7- 9 || total
---------------------------+-------+-------+-------++-------
  Melee: Unarmed           |    51 |    96 |    14 ||   161
         Tentacles         |    14 |    18 |     5 ||    37
         Constrict         |    14 |    24 |     2 ||    40
         Punch             |     1 |       |       ||     1
  Evoke: Wand              |       |     3 |       ||     3
   Stab: Sleeping          |     4 |     5 |     2 ||    11
 Armour: Skin              |    19 |    42 |     5 ||    66
  Dodge: Dodged            |    24 |    71 |     4 ||    99

Table legend: (Time is in decaauts)
 A = Elapsed time spent in this place.
 B = Non-inter-level travel time spent in this place.
 C = Inter-level travel time spent in this place.
 D = Time resting spent in this place.
 E = Time spent auto-exploring this place.
 F = Levels seen in this place.
 G = Mean time per level.
                   A        B        C        D        E       F      G
               +--------+--------+--------+--------+--------+-----+--------+
         Total |   3487 |   3424 |     63 |     46 |   2815 |   5 |  697.4 |
       Dungeon |   3483 |   3420 |     63 |     46 |   2815 |   4 |  870.8 |
        Temple |      3 |      3 |      0 |      0 |      0 |   1 |    3.0 |
               +--------+--------+--------+--------+--------+-----+--------+

Top non-repeatable levels by time:
     D:2: 1074 daAuts
     D:1: 1047 daAuts
     D:4: 801 daAuts
     D:3: 560 daAuts
  Temple: 3 daAuts
